 Dungeon Crawl Stone Soup version 0.32-a0-643-ga006e7742e (webtiles) character file.

Game seed: 7571757561295483331

130 javelincjr the Grasshopper (level 4, -7/34 HPs)
             Began as a Demonspawn Warper on Mar 7, 2024.
             Killed from afar by Ijyb (8 damage)
             ... with a puff of flame
             ... on level 3 of the Dungeon.
             The game lasted 00:08:37 (1710 turns).

javelincjr the Grasshopper (Demonspawn Warper)      Turns: 1710, Time: 00:08:37

Health: -7/34      AC: 10    Str: 12 (13) XL:     4   Next: 90%
Magic:  7/7        EV: 10    Int: 11 (14) God:
Gold:   65         SH:  0    Dex:  9 (12) Spells: 4/8 levels left

rFire   . . .        p - +8 club
rCold   . . .        (no shield)
rNeg    . . .        k - +0 ring mail
rPois   .            q - +0 helmet
rElec   .            v - +0 cloak
rCorr   .            j - +0 pair of gloves
SInv    .            (no boots)
Will    .....        (no amulet) Stlth
                     (no ring)
HPRegen 0.25/turn    (no ring)
MPRegen 0.10/turn

%: no passive effects
@: attractive, hasted, very quick
A: demonic guardian 1, sharp scales 2
a: no special abilities


You were on level 3 of the Dungeon.
You visited 1 branch of the dungeon, and saw 3 of its levels.

You collected 65 gold pieces.

Inventory:

Hand Weapons
 a - a +0 sling
 b - a +0 spear
 p - a +8 club (weapon)
 r - a +2 dagger of venom
Missiles
 d - 6 darts of dispersal (quivered)
 f - a throwing net
 g - 2 curare-tipped darts
 l - 3 boomerangs
 w - 3 poisoned darts
Armour
 i - a +0 leather armour
 j - a +0 pair of gloves (worn)
 k - a +0 ring mail (worn)
 q - a +0 helmet (worn)
 v - a +0 cloak (worn)
Wands
 n - a wand of warping (14)
Scrolls
 c - a scroll of blinking
 h - 2 scrolls of teleportation {unknown}
 m - a scroll of noise {unknown}
 s - 2 scrolls of amnesia {unknown}
 t - a scroll of fog {unknown}
 u - a scroll of silence {unknown}
 x - a scroll of vulnerability {unknown}
 y - a scroll of fear {unknown}


   Skills:
 + Level 2.8 Fighting
 + Level 0.3 Maces & Flails
 - Level 2.2 Polearms
 + Level 0.8 Ranged Weapons
 - Level 1.1 Throwing
 + Level 1.5 Armour
 + Level 2.3 Dodging
 + Level 2.5 Spellcasting
 + Level 3.2 Translocations


You had 4 spell levels left.
You knew the following spells:

 Your Spells              Type           Power      Damage    Failure   Level
a - Blink                 Tloc           16%        N/A       26%         2
b - Lesser Beckoning      Tloc           16%        N/A       26%         2

Your spell library contained the following spells:

 Spells                   Type           Power      Damage    Failure   Level
 Teleport Other           Tloc           8%         N/A       45%         3
 Manifold Assault         Tloc           8%         N/A       86%         4
 Vhi's Electric Charge    Tloc/Air       8%         N/A       97%         4


Dungeon Overview and Level Annotations

Branches:
Dungeon (3/15)

Altars:

Annotations:
D:3 Ijyb


Innate Abilities, Weirdness & Mutations

A weak demonic guardian rushes to your aid.
You are mostly covered in razor-sharp scales. (AC +2, Slay +2)


Message History

You kill the kobold!
You feel sick.
Throw: 3 darts (curare)
Press: ? - help, Q - select action, (/) - cycle Shift-Dir - straight line, f - Ijyb
Aim: Ijyb, wielding a +5 club, wearing a +0 ring mail and carrying a wand of flame (53% to hit)
You throw a curare-tipped dart.
The curare-tipped dart closely misses Ijyb.
You feel sick.
You are too injured to fight recklessly!
You hit Ijyb.
Ijyb is moderately wounded.
You feel sick. Ijyb barely misses you.
You hit Ijyb.
Ijyb is moderately wounded.
You feel sick.
You are no longer poisoned.
Ijyb closely misses you. Ijyb hits you with a +5 club.
* * * LOW HITPOINT WARNING * * *
You thump Ijyb!
Ijyb is severely wounded.
Ijyb hits you with a +5 club.
* * * LOW HITPOINT WARNING * * *
A demonic guardian appears!
It was a potion of attraction.
You feel attractive to monsters. Ijyb barely misses you.
Your shadow imp closely misses Ijyb.
It was a potion of haste.
You feel yourself speed up. Ijyb misses you.
Your shadow imp hits Ijyb but does no damage.
Things that are here:
a +0 club; a +2 dagger of venom; a kobold corpse Ijyb is attracted toward you.
Ijyb attacks as she pursues you! Ijyb hits you with a +5 club.
* * * LOW HITPOINT WARNING * * *
A demonic guardian appears!
It was a potion of degeneration.
There was something very wrong with that liquid.
You feel weakened.
You feel dopey.
You feel clumsy.
Ijyb zaps a wand.
The puff of flame hits you!
You die...
Ijyb screams, "Time for next experiment!"

. #.#.....(...#####...
..##...........%...#..##
........................
#........#.##.#......
##')§###...........##
##.)5####...........
##.....####†#.....#.#
#...5g..###.##....#.#
#....@..##......>...##
#...?...######...###..
#.......# #...# #.#
#..$.#### #...# #.#
#.... #........ #####
#...###.# #...# #.#
..... ... ...


You could see Ijyb (ally target), a friendly shadow imp (summoned) and a
friendly ufetubus (summoned).

Vanquished Creatures
  Robin (D:2)
  A gnoll (D:2)
  A dart slug (D:1)
  2 ribbon worms (D:2)
  9 endoplasms
  A giant cockroach (D:2)
  14 goblins
  6 hobgoblins
  6 jackals
  4 quokkas
  6 ball pythons
  3 bats
  A frilled lizard (D:1)
  6 kobolds
  5 rats
66 creatures vanquished.

Vanquished Creatures (collateral kills)
  Jessica (D:2)
  A goblin (D:2)
2 creatures vanquished.

Grand Total: 68 creatures vanquished

Notes
Turn   | Place    | Note
-------+----------+-------------------------------------------
     0 | D:1      | javelincjr the Demonspawn Warper began the quest for the
                  | Orb.
     0 | D:1      | Reached XP level 1. HP: 16/16 MP: 3/3
    62 | D:1      | Reached skill level 1 in Throwing
    62 | D:1      | Reached skill level 1 in Armour
   135 | D:1      | Gained mutation: You are partially covered in razor-sharp
                  | scales. (AC +1, Slay +1) [demonic ancestry]
   135 | D:1      | Reached XP level 2. HP: 22/22 MP: 5/5
   138 | D:1      | Learned a level 2 spell: Blink
   141 | D:1      | Learned a level 2 spell: Lesser Beckoning
   426 | D:1      | Gained mutation: A weak demonic guardian rushes to your
                  | aid. [demonic ancestry]
   426 | D:1      | Reached XP level 3. HP: 20/28 MP: 6/6
   778 | D:2      | Noticed Jessica
   795 | D:2      | Killed Jessica
   796 | D:2      | Reached skill level 3 in Translocations
   887 | D:2      | Noticed Robin
   921 | D:2      | Gained mutation: You are mostly covered in razor-sharp
                  | scales. (AC +2, Slay +2) [demonic ancestry]
   921 | D:2      | Reached XP level 4. HP: 25/34 MP: 7/7
   939 | D:2      | Killed Robin
  1695 | D:3      | Noticed Ijyb
  1709 | D:3      | HP: 1/34 [Ijyb/+5 club (3)]
  1710 | D:3      | Killed from afar by Ijyb

Illustrated notes

Levels and vault maps discovered:
D:1:      lightli_arrival_windingriver, layout_rooms
D:2:      layout_loops_ring, chequers_serial_rivers_small_b,
          kennysheep_generic_room_11, uniq_robin, uniq_jessica
D:3:      cheibrodos_fertilizer, layout_basic, bloody_makhleb,
          lemuel_coloured_pillars_altar, serial_shops, nicolae_diamond_shop,
          uniq_ijyb

Skill      XL: |  1  2  3 |
---------------+----------+-----
Throwing       | 1 |  1.1
Armour         | 1 |  1.5
Dodging        | 2 |  2.3
Polearms       | 2 |  2.2
Translocations | 3 |  3.2
Fighting       | |  2.8
Maces & Flails | |  0.3
Ranged Weapons | |  0.8
Spellcasting   | |  2.5

Action                     |  1- 3 |  4- 6 || total
---------------------------+-------+-------++-------
  Melee: Spear             |    42 |     5 ||    47
         Club              |       |    55 ||    55
   Fire: Sling             |    76 |    11 ||    87
  Throw: Dart              |     1 |     1 ||     2
    Use: Potion            |       |     3 ||     3
 Armour: Leather armour    |    32 |       ||    32
         Ring mail         |    63 |    45 ||   108
  Dodge: Dodged            |    58 |    54 ||   112

Table legend: (Time is in decaauts)
 A = Elapsed time spent in this place.
 B = Non-inter-level travel time spent in this place.
 C = Inter-level travel time spent in this place.
 D = Time resting spent in this place.
 E = Time spent auto-exploring this place.
 F = Levels seen in this place.
 G = Mean time per level.
                   A        B        C        D        E       F      G
               +--------+--------+--------+--------+--------+-----+--------+
         Total |   1765 |   1720 |     45 |      0 |   1208 |   3 |  588.3 |
       Dungeon |   1765 |   1720 |     45 |      0 |   1208 |   3 |  588.3 |
               +--------+--------+--------+--------+--------+-----+--------+

Top non-repeatable levels by time:
     D:2: 986 daAuts
     D:1: 648 daAuts
     D:3: 130 daAuts
